 Dungeon Crawl Stone Soup version 0.30.1-11-g7821555f0a (webtiles) character file.

Game seed: 12070784107166572095

5499 Glitchless the Basher (level 10, -10/64 HPs)
             Began as a Gargoyle Berserker on Dec 9, 2023.
             Was an Elder of Trog.
             Mangled by a frost giant
             ... wielding a +4 battleaxe of freezing
              (14 damage)
             ... on level 1 of the Abyss on Dec 10, 2023.
             The game lasted 00:24:49 (6869 turns).

Glitchless the Basher (Gargoyle Berserker)          Turns: 6869, Time: 00:25:19

Health: -10/64     AC: 20    Str: 24    XL:     10   Next: 70%
Magic:  10/10      EV: 13    Int: 11    God:    Trog [****..]
Gold:   505        SH:  4    Dex:  9    Spells: 9/9 levels left

rFire   . . .        v - +3 whip (flame)
rCold   + . .        m - +0 buckler
rNeg    + . .        w - +2 robe {rC+}
rPois   ∞            j - +2 helmet
rElec   +            b - +0 cloak
rCorr   +            e - +1 pair of gloves
SInv    .            y - +1 pair of boots
Will    +....        k - amulet of Atuhug {Acrobat Regen+ Int+2}
Stlth   +            c - ring of resist corrosion
HPRegen 1.10/turn    u - ring of willpower
MPRegen 0.12/turn

%: acrobat
@: mighty
A: sickness immunity, AC +7, negative energy resistance 1, electricity
resistance, torment resistance 1, petrification resistance
a: Renounce Religion, Berserk, Trog's Hand, Brothers in Arms


You were on level 1 of the Abyss.
You worshipped Trog.
Trog was greatly pleased with you.
You visited 1 branch of the dungeon, and saw 9 of its levels.
You visited the Abyss 1 time.

You collected 505 gold pieces.

Inventory:

Hand Weapons
 d - a +4 hand axe
 p - a +0 sling
 v - a +3 whip of flaming (weapon)
Armour
 b - a +0 cloak (worn)
 e - a +1 pair of gloves (worn)
 j - a +2 helmet (worn)
 m - a +0 buckler (worn)
 w - a +2 robe of cold resistance (worn)
 y - a +1 pair of boots (worn)
Jewellery
 c - a ring of resist corrosion (left hand)
 k - the amulet of Atuhug (around neck) {Acrobat Regen+ Int+2}
   (You acquired it on level 3 of the Dungeon)

   [amulet of the acrobat]

   It increases your evasion while moving and waiting.
   Int:       It affects your intelligence (+2).
   Regen:     It increases your rate of health regeneration.
 u - a ring of willpower (right hand)
Potions
 g - 2 potions of haste
 i - a potion of experience {unknown}
 l - a potion of lignification {unknown}
 n - 2 potions of might
 o - a potion of invisibility {unknown}
 q - 2 potions of ambrosia {unknown}
 t - a potion of magic {unknown}
 x - a potion of flight {unknown}


   Skills:
 * Level 8.1 Fighting
 * Level 9.8 Maces & Flails
 * Level 4.4 Ranged Weapons
 * Level 5.9 Armour
 * Level 6.4 Dodging
 * Level 3.3 Shields


You had 9 spell levels left.
You didn't know any spells.
Your spell library contained the following spells:

 Spells                   Type           Power      Damage    Failure   Level
 Freeze                   Ice            0%         1d3       38%         1
 Call Canine Familiar     Summ           0%         N/A       77%         3
 Frozen Ramparts          Ice            0%         1d1       77%         3
 Gell's Gravitas          Tloc           0%         N/A       77%         3
 Hailstorm                Conj/Ice       0%         3d3       77%         3
 Portal Projectile        Hex/Tloc       0%         N/A       77%         3
 Teleport Other           Tloc           0%         N/A       77%         3
 Leda's Liquefaction      Hex/Erth       0%         N/A       99%         4
 Dispersal                Tloc           0%         N/A       100%        6


Dungeon Overview and Level Annotations

Branches:
Dungeon (9/15)             Temple (0/1) D:6
   Lair: D:8-11         Orc: D:9-12

Altars:
Hepliaklqana
Ru
Trog
Vehumet
The Shining One

Shops:
D:5 [   D:7 *

Annotations:
D:7 exclusion: ice statue
D:9 Psyche


Innate Abilities, Weirdness & Mutations

You are immune to sickness and miasma.
Your stone body is resilient. (AC +7)
You are immune to poison.
You resist negative energy. (rN+)
You are resistant to electric shocks. (rElec)
You are resistant to unholy torment.
You are immune to petrification.


Message History

The frost giant is moderately wounded.
The frost giant hits you with a +4 battleaxe of freezing.
You hit the frost giant. You burn the frost giant.
The frost giant is moderately wounded.
Your black bear goes berserk!
You block the frost giant's attack.
The frost giant hits your black bear with a +4 battleaxe of freezing!
The frost giant freezes your black bear.
The frost giant attacks as you move away!
The frost giant hits you with a +4 battleaxe of freezing!
The frost giant freezes you.
The frost giant barely misses your black bear.
Your black bear completely misses the frost giant.
Your black bear claws the frost giant but does no damage.
Your black bear claws the frost giant.
You hit the frost giant but do no damage.
The frost giant is moderately wounded.
Your black bear bites the frost giant but does no damage.
Your black bear claws the frost giant.
Your black bear claws the frost giant but does no damage.
The frost giant casts a spell at you. The bolt of cold hits you! You resist.
* * * LOW HITPOINT WARNING * * *
You feel better.
Your black bear bites the frost giant.
Your black bear claws the frost giant but does no damage. x2
The efreet hits your black bear with a +2 scimitar of flaming!
The efreet burns your black bear.
Your black bear dies!
Your black bear's corpse disappears in a puff of smoke!
The frost giant gestures at you while chanting.
The bolt of cold hits you! You resist.
* * * LOW HITPOINT WARNING * * *
You feel better.
The frost giant hits you with a +4 battleaxe of freezing!
* * * LOW HITPOINT WARNING * * *
The frost giant freezes you.
* * * LOW HITPOINT WARNING * * *
You feel very mighty all of a sudden.
The frost giant hits you with a +4 battleaxe of freezing!
You die...

#. .. .... .
°°. # .°# #≈#
.# ≈≈ ### .# #
#.# C ≈# ###
#.# . ####.
#.## # # ..#
#@### # .#..
##CR# # .C #
###○# # ...
.##.
######.☼##.# #
##
..#.#...#.#.#.
#. . . ......
..... . ..
.... #.
...#.....#....
# .. # . #. .#
.. .# ....#.
...#.....#


You could see a frost giant and an efreet.

Vanquished Creatures
  Gastronok (D:8)
  Pikel (D:5)
  Prince Ribbit (D:7)
  Sigmund (D:2)
  A yak (D:7)
  Menkaure (D:5)
  2 vampire mosquitoes (D:7)
  2 orc warriors
  Pargi (D:4)
  A black bear (D:5)
  A sky beast (D:7)
  2 centaurs (D:7)
  A lemure (D:4)
  2 kobold brigands
  4 bullfrogs
  3 gnoll sergeants
  2 scorpions (D:6)
  12 wights
  6 killer bees (D:8)
  2 hounds
  2 jellies (D:7)
  3 orc priests
  A gnoll bouda (D:7)
  Crazy Yiuf (D:2)
  A sleepcap (D:6)
  An iguana (D:7)
  5 orc wizards
  22 gnolls
  5 adders
  4 white imps (D:7)
  5 ufetubi
  3 worms
  22 orcs
  3 bats
  10 endoplasms
  9 goblins
  5 hobgoblins
  3 jackals (D:5)
  A quokka (D:1)
  3 ball pythons
  18 kobolds
  5 rats
179 creatures vanquished.

Notes
Turn   | Place    | Note
-------+----------+-------------------------------------------
     0 | D:1      | Glitchless the Gargoyle Berserker began the quest for the
                  | Orb.
     0 | D:1      | Reached XP level 1. HP: 14/14 MP: 1/1
    73 | D:1      | Reached XP level 2. HP: 13/19 MP: 2/2
   528 | D:2      | Reached XP level 3. HP: 24/24 MP: 3/3
   609 | D:2      | Noticed Sigmund
   621 | D:2      | Killed Sigmund
   622 | D:2      | Reached skill level 4 in Maces & Flails
   622 | D:2      | Reached XP level 4. HP: 30/30 MP: 4/4
   622 | D:2      | Reached XP level 5. HP: 34/34 MP: 5/5
   667 | D:2      | Found a faded altar of an unknown god.
   750 | D:2      | Reached ** piety under Trog
  1001 | D:2      | Found a runed translucent door.
  1002 | D:2      | Noticed Crazy Yiuf
  1012 | D:2      | Killed Crazy Yiuf
  1013 | D:2      | Reached XP level 6. HP: 39/39 MP: 6/6
  1461 | D:3      | Reached skill level 5 in Maces & Flails
  2340 | D:3      | Identified a scroll of acquirement
  2340 | D:3      | Acquired the amulet of Atuhug {Acrobat Regen+ Int+2}
  2406 | D:4      | Identified the +6 scale mail of the Cartwright {Harm Int+8}
  2778 | D:4      | Noticed Pargi
  2793 | D:4      | Killed Pargi
  2794 | D:4      | Reached skill level 5 in Fighting
  2794 | D:4      | Reached XP level 7. HP: 44/44 MP: 7/7
  3052 | D:5      | Entered Level 5 of the Dungeon
  3052 | D:5      | Noticed Pikel
  3219 | D:4      | Reached skill level 1 in Ranged Weapons
  3311 | D:4      | Reached *** piety under Trog
  3312 | D:4      | Reached skill level 6 in Maces & Flails
  3625 | D:5      | Killed Pikel
  3626 | D:5      | Reached skill level 7 in Maces & Flails
  3626 | D:5      | Reached XP level 8. HP: 27/51 MP: 8/8
  3853 | D:5      | Identified the +1 kite shield of Lifelessness {Str+2 Int+4}
  3857 | D:5      | Noticed Menkaure
  3861 | D:5      | Killed Menkaure
  3942 | D:5      | Found Hadad's Dragon-Slaying Spoils.
  4152 | D:6      | Found a staircase to the Ecumenical Temple.
  4349 | D:6      | Reached XP level 9. HP: 54/56 MP: 9/9
  5124 | D:7      | Reached skill level 8 in Maces & Flails
  5205 | D:7      | Reached skill level 5 in Dodging
  5231 | D:7      | Reached skill level 1 in Shields
  5233 | D:7      | Reached skill level 5 in Armour
  5385 | D:7      | Reached **** piety under Trog
  5527 | D:7      | Noticed Prince Ribbit
  5554 | D:7      | Killed Prince Ribbit
  5605 | D:7      | Found Tixyin's Assorted Antiques.
  5657 | D:7      | Reached XP level 10. HP: 52/63 MP: 10/10
  5703 | D:7      | Noticed an ice statue
  5833 | D:8      | Identified the +4 chain mail of Iliskuja {Harm rF+ rC-
                  | rCorr}
  6003 | D:8      | Found a sacrificial altar of Ru.
  6017 | D:8      | Found a radiant altar of Vehumet.
  6024 | D:8      | Found a glowing golden altar of the Shining One.
  6024 | D:8      | Found a hazy altar of Hepliaklqana.
  6034 | D:8      | Found a bloodstained altar of Trog.
  6087 | D:8      | Reached skill level 9 in Maces & Flails
  6183 | D:8      | Noticed Gastronok
  6235 | D:8      | Killed Gastronok
  6704 | D:9      | Noticed Psyche
  6706 | Abyss:1  | Cast into level 1 of the Abyss (Psyche)
  6784 | Abyss:1  | Noticed a rust devil
  6790 | Abyss:1  | Noticed a worldbinder
  6802 | Abyss:1  | Noticed a skeletal warrior
  6821 | Abyss:1  | Noticed a frost giant
  6868 | Abyss:1  | HP: 3/64 [frost giant/+4 battleaxe of freezing (2)]
  6869 | Abyss:1  | Mangled by a frost giant

Illustrated notes

Levels and vault maps discovered:
D:1:      saegor_arrival_miasma, layout_rooms
D:2:      layout_basic, chequers_ecumenical_altar_island,
          uniq_crazy_yiuf_cottage, uniq_sigmund
D:3:      layout_basic, kennysheep_crisscross
D:4:      layout_loops_ring, chequers_serial_rivers_small_a, uniq_pargi
D:5:      layout_loops_ring, nicolae_shop_dragon_depot,
          chequers_hall_statues_corner_a, uniq_pikel, uniq_menkaure
D:6:      layout_basic, minmay_temple_entry_stoned_glass
D:7:      lemuel_ice_statue, layout_rooms, serial_shops, shop, minmay_circle_x,
          uniq_prince_ribbit1
D:8:      layout_basic, nicolae_overflow_hallway_of_the_gods, uniq_gastronok
D:9:      layout_roguey, minmay_bent, uniq_psyche
Abyss:1:  base: D:8, evilmike_abyss_exit_1, hangedman_elemental_corridor

Skill      XL: |  1  2  3  4  5  6  7  8  9 10 |
---------------+-------------------------------+-----
Fighting       | 4 5 6 7 8 |  8.1
Maces & Flails | 4 5 7 8 9 |  9.8
Dodging        | 2 4 5 6 |  6.4
Armour         | 3 4 5 |  5.9
Ranged Weapons | 2 3 4 |  4.4
Shields        | 2 3 |  3.3

Action                     |  1- 3 |  4- 6 |  7- 9 | 10-12 || total
---------------------------+-------+-------+-------+-------++-------
  Melee: Mace              |    18 |       |       |       ||    18
         Whip              |    55 |   200 |   425 |   194 ||   874
         Punch             |       |     2 |     1 |       ||     3
 Invoke: Berserk           |     1 |     1 |     2 |       ||     4
         Trog's Hand       |       |       |     3 |     2 ||     5
         Brothers in Arms  |       |       |       |     1 ||     1
    Use: Scroll            |       |     7 |     7 |     2 ||    16
         Potion            |       |       |     1 |     9 ||    10
 Armour: Animal skin       |    22 |     1 |       |       ||    23
         Leather armour    |       |    74 |    66 |       ||   140
         Robe              |       |       |   122 |    47 ||   169
  Dodge: Dodged            |    39 |   107 |   312 |   118 ||   576
  Block: Buckler           |       |       |    29 |    35 ||    64
